 Dungeon Crawl Stone Soup version 0.24.1-14-gf8d2b509d9 (webtiles) character file.

Game seed: 7871238008890131169, levelgen mode: deterministic

100016 KrasnyyBoyets the Slinger (level 15, 0/128 HPs)
             Began as a Deep Dwarf Hunter on May 3, 2020.
             Was the Champion of Makhleb.
             Slain by a +2 dire flail of protection (9 damage)
             ... on level 1 of the Elven Halls on May 20, 2020.
             The game lasted 06:17:02 (33282 turns).

KrasnyyBoyets the Slinger (Deep Dwarf Hunter)      Turns: 33282, Time: 06:17:02

Health: 0/128      AC: 18    Str: 28    XL:     15   Next: 79%
Magic:  6/6        EV: 15    Int: 14    God:    Makhleb [******]
Gold:   453        SH: 21    Dex: 30    Spells: 21/29 levels left

rFire    + . .     SeeInvis .   b - +8 morningstar "Worchaed" {vamp, Int+3 Stlth+}
rCold    . . .     Gourm    .   i - +2 large shield
rNeg     + . .     Faith    .   z - +3 chain mail of Proximity {Dex+6}
rPois    .         Spirit   .   s - +1 hat
rElec    .         Reflect  .   K - scarf {cloud immunity}
rCorr    .         Harm     .   L - +1 pair of gloves {Dex+3}
MR       +++++                  W - +0 pair of boots of the Greedy {MR+++ Int-4 Dex+5}
Stlth    ++........             U - amulet of magic regeneration
HPRegen  0.00/turn              y - ring of Loutoocs {Wiz rF+ Str+5}
MPRegen  0.35/turn              S - ring of Wezeet {Str+4 Dex+3 Slay+3}

@: non-regenerating
A: damage resistance, heal wounds, negative energy resistance 1, sense
surroundings 2, no regeneration
a: Heal Wounds, Minor Destruction, Lesser Servant of Makhleb, Major Destruction,
Greater Servant of Makhleb, Renounce Religion


You were on level 1 of the Elven Halls.
You worshipped Makhleb.
Makhleb was exalted by your worship.
You were not hungry.

You visited 5 branches of the dungeon, and saw 24 of its levels.
You also visited: Bailey.

You collected 2170 gold pieces.
You spent 1717 gold pieces at shops.

Inventory:

Hand Weapons
 a - a +3 hunting sling of flaming
 b - the +8 morningstar "Worchaed" (weapon) {vamp, Int+3 Stlth+}
   (You bought it in a shop on level 2 of the Orcish Mines)

   It inflicts no extra harm, but heals its wielder when it wounds a living foe.
   It affects your intelligence (+3).
   It makes you more stealthy.
 c - a +3 hunting sling of venom
 d - the +9 morningstar "Embalmer" {vamp, rC+}
   (You found it on level 4 of the Dungeon)

   It inflicts no extra harm, but heals its wielder when it wounds a living foe.
   It protects you from cold.
 e - the +8 whip of Ambiguity {slash, rC+ MR+}
   (You found it in a bailey)

   It inflicts extra damage upon your enemies.
   It protects you from cold.
   It affects your resistance to hostile enchantments.
Missiles
 f - 463 stones
 q - 4 atropa-tipped darts (quivered)
 u - 67 boomerangs
 Y - 27 poisoned darts
Armour
 i - a +2 large shield (worn)
 j - a +2 robe of fire resistance
 s - a +1 hat (worn)
 z - the +3 chain mail of Proximity (worn) {Dex+6}
   (You bought it in a shop on level 2 of the Orcish Mines)

   It affects your dexterity (+6).
 K - a scarf of cloud immunity (worn)
 L - a +1 pair of gloves of dexterity (worn)
 Q - a +2 chain mail of cold resistance
 W - the +0 pair of boots of the Greedy (worn) {MR+++ Int-4 Dex+5}
   (You acquired it on level 10 of the Dungeon)

   It affects your intelligence (-4).
   It affects your dexterity (+5).
   It affects your resistance to hostile enchantments.
Jewellery
 y - the ring of Loutoocs (left hand) {Wiz rF+ Str+5}
   (You found it on level 6 of the Lair of Beasts)

   [ring of wizardry]

   It improves your spell success rate.
   It affects your strength (+5).
   It protects you from fire.
 J - an uncursed ring of magical power
 S - the ring of Wezeet (right hand) {Str+4 Dex+3 Slay+3}
   (You found it on level 4 of the Lair of Beasts)

   [ring of dexterity]

   It affects your strength (+4).
   It affects your dexterity (+3).
   It affects your accuracy and damage with ranged weapons and melee attacks
   (+3).
 U - an amulet of magic regeneration (around neck)
Wands
 h - a wand of polymorph (13)
 r - a wand of digging (2)
 t - a wand of disintegration (42)
 w - a wand of scattershot (1)
 A - a wand of iceblast (6)
 D - a wand of flame (51)
 E - a wand of acid (6)
 O - a wand of random effects (46)
Scrolls
 g - a scroll of identify
 m - a scroll of immolation {!r}
 o - 10 scrolls of teleportation
 v - a scroll of summoning
 F - a scroll of brand weapon
 P - a scroll of blinking
 T - a scroll of remove curse
Potions
 k - a potion of curing
 l - a potion of ambrosia
 n - 3 potions of brilliance
 p - 3 potions of agility
 x - 3 potions of berserk rage
 B - a potion of cancellation
 H - 3 potions of might
 M - a potion of haste
 R - a potion of invisibility
 Z - 2 potions of lignification
Miscellaneous
 G - a lamp of fire
 I - a box of beasts
 X - a fan of gales
Comestibles
 C - 13 rations


   Skills:
 * Level 6.8 Fighting
 - Level 6.1 Maces & Flails
 * Level 12.9(14.2) Slings
 * Level 9.2(11.4) Throwing
 + Level 7.1 Armour
 + Level 10.3 Dodging
 - Level 6.1 Stealth
 + Level 8.0 Shields
 + Level 7.6 Spellcasting
 + Level 7.5 Hexes
 - Level 9.5 Translocations
 * Level 2.1 Ice Magic
 - Level 9.1 Invocations
 + Level 8.3 Evocations


You had 21 spell levels left.
You knew the following spells:

 Your Spells              Type           Power        Failure   Level  Hunger
a - Portal Projectile     Hex/Tloc       ####..       21%         3    ##.....
b - Corona                Hex            ####...      11%         1    None
c - Slow                  Hex            ####....     16%         2    None
d - Apportation           Tloc           ####..       4%          1    None
e - Freeze                Ice            ##..         65%         1    None

Your spell library contained the following spells:

 Spells                   Type           Power        Failure   Level  Hunger
 Confusing Touch          Hex            ####..       11%         1    None
 Cause Fear               Hex            ####......   67%         4    ####...
 Inner Flame              Hex/Fire       ###.....     78%         3    ##.....
 Throw Frost              Conj/Ice       #.....       89%         2    None
 Animate Skeleton         Necr           N/A          90%         1    None
 Summon Small Mammal      Summ           #...         90%         1    None
 Ozocubu's Armour         Chrm/Ice       #.......     98%         3    ##.....
 Stone Arrow              Conj/Erth      #.....       99%         3    ##.....
 Leda's Liquefaction      Hex/Erth       ###.......   99%         4    ####...
 Ice Form                 Ice/Tmut       #.......     100%        4    ####...
 Iskenderun's Mystic Bla  Conj           #.......     100%        4    ####...
 Summon Ice Beast         Ice/Summ       #.......     100%        4    ####...
 Throw Icicle             Conj/Ice       #.......     100%        4    ####...
 Bolt of Draining         Conj/Necr      #.........   100%        5    #####..
 Metabolic Englaciation   Hex/Ice        ###.......   100%        5    #####..
 Venom Bolt               Conj/Pois      #.........   100%        5    #####..
 Bolt of Cold             Conj/Ice       #.........   100%        6    #######
 Freezing Cloud           Conj/Ice/Air   #.........   100%        6    #######
 Ozocubu's Refrigeration  Ice            ##........   100%        6    #######
 Simulacrum               Ice/Necr       #.........   100%        6    #######


Dungeon Overview and Level Annotations

Branches:
Dungeon (14/15)            Temple (1/1) D:7            Lair (6/6) D:11
  Swamp (0/4) Lair:2        Snake (0/4) Lair:2        Slime (0/5) Lair:5
    Orc (2/2) D:9             Elf (1/3) Orc:2        Vaults (0/5) D:13
 Bailey (visited)

Altars:
Ashenzari
Cheibriados
Dithmenos
Elyvilon
Fedhas
Gozag
Hepliaklqana
Kikubaaqudgha
Makhleb
Nemelex Xobeh
Okawaru
Qazlal
Ru
Sif Muna
Trog
Uskayaw
Vehumet
Wu Jian
Xom
Yredelemnul
Zin
The Shining One
Beogh

Shops:
D:9 !   D:10 (   D:12 }   Orc:2 %*((**?

Annotations:
D:14 Roxanne


Innate Abilities, Weirdness & Mutations

You are resistant to damage.
You can heal yourself by infusing magical energy.
You resist negative energy. (rN+)
You passively map the area around you.
You do not regenerate.


Message History

The deep elf mage shouts! x3; You hear a shout!
Found a ration and a scroll of blinking.
There is a staircase back to the Mines here.
Warning x3: The deep elf mage can cast slow! x3
You block the +2 dire flail of protection's attack.
You see here a ration.
Warning x2: The deep elf mage can cast slow! x2
Your +3 hunting sling of flaming stops flaming.
You feel clever.
You feel a sense of dread.
b - the +8 morningstar "Worchaed" (weapon)
{vamp, Int+3 Stlth+} You hit the +2 dire flail of protection but do no damage.
You block the +2 dire flail of protection's attack. x2
Warning x2: The deep elf mage can cast slow! x2
You hit the +2 dire flail of protection.
The +2 dire flail of protection is lightly damaged.
The +2 dire flail of protection hits you!
* * * LOW HITPOINT WARNING * * *
The +2 dire flail of protection hits you!
You die...

, *,*, ,
#.........
, ,,, ,
,#@(.......
, ,*
#.<.......
, , *
,#.........
, * * *
##########
*, , * * *
, e# #, * *
, * ,, ,, #
+* ,, ,, *
** * , * *
, * , , , *
, ,, , ** *
* * , * * *
*,, ,, , ,
* * , * , ,
, * , ,


You could see 2 deep elf magi and a +2 dire flail of protection.

Vanquished Creatures
  Rupert (D:13)
  2 orc warlords
  Nessos (D:12)
  Snorg (D:10)
  A fire dragon (Lair:6)
  4 vault guards (D:13)
  7 hydras
  2 catoblepae
  A death knight (D:11)
  3 centaur warriors (D:13)
  A two-headed ogre (D:11)
  8 death yaks
  7 orc high priests (Orc:2)
  6 skeletal warriors
  An unseen horror (D:7)
  2 lindwurms
  4 orc knights
  Pikel (D:6)
  2 deep elf magi (D:13)
  4 cyclopes
  3 orc sorcerers (Orc:2)
  3 manticores
  14 ugly things
  4 elephants (Lair:6)
  7 black mambas
  4 centaur zombies
  3 molten gargoyles (Lair:6)
  8 spiny frogs
  A rime drake (Lair:3)
  A kobold demonologist (D:14)
  18 komodo dragons
  A harpy zombie (D:14)
  6 trolls
  Prince Ribbit (D:5)
  14 blink frogs
  11 hippogriffs
  A shadow (D:12)
  6 wyverns
  3 wraiths
  50 yaks
  2 basilisks
  8 vampire mosquitoes
  2 steam dragons (Lair:6)
  3 hungry ghosts
  10 wargs
  Edmund (D:4)
  3 nagas (Lair:2)
  2 acid dragons (D:13)
  Duvessa (D:6)
  7 porcupines
  10 water moccasins
  3 hell hounds (Lair:6)
  27 orc warriors
  8 ice beasts
  2 sky beasts
  2 eyes of draining
  2 black bears
  3 phantoms
  3 ogres
  18 wolves
  17 crocodiles
  9 centaurs
  3 big kobolds
  A gnoll sergeant (Orc:1)
  16 bullfrogs
  A wyvern zombie (D:12)
  4 scorpions
  Dowan (D:6)
  7 killer bees
  5 howler monkeys
  4 lava snakes (Lair:6)
  2 hounds
  12 jellies
  Crazy Yiuf (D:3)
  A bullfrog skeleton (D:10)
  37 orc priests
  6 centaur skeletons
  Jessica (D:2)
  3 iguanas
  Natasha (twice) (D:3)
  20 orc wizards
  6 worker ants
  A hound skeleton (D:11)
  A howler monkey zombie (D:6)
  A gnoll (Bailey)
  A worker ant zombie (D:10)
  11 adders
  2 shadow imps
  5 oozes
  An adder zombie (D:5)
  2 worms
  3 dart slugs
  6 leopard geckos
  91 orcs
  3 ball pythons
  5 giant cockroaches
  15 goblins
  9 hobgoblins
  10 jackals
  5 quokkas
  10 bats
  7 frilled lizards
  31 kobolds
  A leopard gecko zombie (D:6)
  A quokka skeleton (D:4)
  7 rats
  3 plants
726 creatures vanquished.

Vanquished Creatures (collateral kills)
  4 vault guards (D:13)
  2 ugly things (D:14)
  A basilisk (D:14)
  An orc warrior (D:14)
  A jelly (D:14)
  An orc priest (D:14)
  An orc wizard (D:14)
11 creatures vanquished.

Vanquished Creatures (others)
  An orc (Orc:2)
  4 jackals (D:6)
  5 fungi
  9 plants (Lair:6)
19 creatures vanquished.

Grand Total: 756 creatures vanquished

Notes
Turn   | Place    | Note
-------+----------+-------------------------------------------
     0 | D:1      | KrasnyyBoyets the Deep Dwarf Hunter began the quest for the
                  | Orb.
     0 | D:1      | Reached XP level 1. HP: 19/19 MP: 1/1
   224 | D:1      | Reached XP level 2. HP: 24/26 MP: 1/3
   279 | D:1      | Reached skill level 1 in Spellcasting
   341 | D:1      | Reached XP level 3. HP: 27/32 MP: 4/4
   695 | D:1      | Reached skill level 5 in Slings
  1407 | D:2      | Reached XP level 4. HP: 26/39 MP: 6/6
  2110 | D:2      | Noticed Jessica
  2112 | D:2      | Killed Jessica
  2547 | D:3      | Reached XP level 5. HP: 26/45 MP: 8/8
  2562 | D:3      | Noticed Natasha
  2568 | D:3      | Killed Natasha
  2720 | D:3      | Found a shadowy altar of Dithmenos.
  2785 | D:3      | Found a sparkling altar of Nemelex Xobeh.
  3159 | D:3      | Noticed Natasha
  3167 | D:3      | Killed Natasha
  3260 | D:3      | Found a runed translucent door.
  3338 | D:4      | Got a bone morningstar
  3339 | D:4      | Identified the +9 morningstar "Embalmer" {vamp, rC+} (You
                  | found it on level 4 of the Dungeon)
  3340 | D:4      | // whoa. morningstar with vamp! here's hoping this run
                  | would actually work out lol. also rC+
  3602 | D:4      | Noticed Edmund
  3613 | D:4      | Killed Edmund
  3613 | D:4      | Reached skill level 1 in Maces & Flails
  3613 | D:4      | Reached skill level 6 in Slings
  3613 | D:4      | Reached XP level 6. HP: 52/52 MP: 10/10
  3757 | D:4      | Reached XP level 7. HP: 53/58 MP: 12/12
  4200 | D:5      | Entered Level 5 of the Dungeon
  4435 | D:5      | Noticed Prince Ribbit
  4485 | D:5      | // pretty good rings so far, too.
  4802 | D:5      | Killed Prince Ribbit
  4802 | D:5      | Reached skill level 7 in Slings
  5223 | D:6      | Noticed Dowan
  5237 | D:6      | Noticed Duvessa
  5239 | D:6      | Killed Dowan
  5247 | D:6      | Killed Duvessa
  5247 | D:6      | Reached XP level 8. HP: 28/66 MP: 12/12
  5405 | D:6      | Reached skill level 5 in Stealth
  5839 | D:6      | Reached skill level 1 in Throwing
  5857 | D:6      | Noticed Pikel
  5866 | D:6      | Killed Pikel
  5866 | D:6      | Reached skill level 8 in Slings
  5866 | D:6      | Reached skill level 5 in Dodging
  5866 | D:6      | Gained mutation: You passively map the area around you.
                  | [Deep Dwarf growth]
  5866 | D:6      | Reached XP level 9. HP: 55/73 MP: 14/14
  5895 | D:6      | Found a white marble altar of Elyvilon.
  6079 | D:6      | Reached skill level 5 in Spellcasting
  6759 | D:3      | Noticed Crazy Yiuf
  6776 | D:3      | Killed Crazy Yiuf
  6947 | D:7      | Found a flagged portal.
  6961 | Bailey   | Entered a bailey
  6998 | Bailey   | Reached skill level 1 in Evocations
  7007 | Bailey   | Noticed an orc warlord
  7087 | Bailey   | Noticed an orc knight
  7108 | Bailey   | Killed an orc knight
  7140 | Bailey   | Found a runed translucent gate.
  7140 | Bailey   | Found a runed translucent gate.
  7223 | Bailey   | Found a runed translucent gate.
  7338 | Bailey   | Killed an orc warlord
  7338 | Bailey   | Reached skill level 9 in Slings
  7338 | Bailey   | Reached XP level 10. HP: 31/84 MP: 10/12
  7372 | Bailey   | Got a bloodstained whip
  7373 | Bailey   | Identified the +8 whip of Ambiguity {slash, rC+ MR+} (You
                  | found it in a bailey)
  7998 | D:7      | Killed an unseen horror
  7998 | D:7      | Reached skill level 1 in Shields
  8783 | D:7      | Found a staircase to the Ecumenical Temple.
  8792 | Temple   | Entered the Ecumenical Temple
  8869 | Temple   | Became a worshipper of Makhleb the Destroyer
  9475 | D:8      | Reached skill level 1 in Invocations
 10023 | D:9      | Found Gifeffal's Distillery.
 10045 | D:9      | Bought a potion of heal wounds for 80 gold pieces
 10045 | D:9      | Bought a potion of might for 64 gold pieces
 10208 | D:9      | Found a staircase to the Orcish Mines.
 10318 | D:9      | Reached * piety under Makhleb
 10555 | D:9      | Reached skill level 5 in Evocations
 10690 | D:9      | Reached skill level 5 in Maces & Flails
 10822 | D:9      | Learned a level 3 spell: Portal Projectile
 10825 | D:9      | Reached XP level 11. HP: 84/91 MP: 13/13
 10874 | D:10     | Entered Level 10 of the Dungeon
 11209 | D:10     | Noticed Snorg
 11221 | D:10     | Killed Snorg
 11221 | D:10     | Reached ** piety under Makhleb
 11637 | D:10     | Reached skill level 5 in Throwing
 11677 | D:10     | Reached XP level 12. HP: 89/99 MP: 1/14
 11867 | D:10     | Learned a level 1 spell: Corona
 12164 | D:9      | Reached skill level 10 in Slings
 12415 | D:10     | Identified 2 scrolls of acquirement
 12416 | D:10     | // sweet! two scrolls of acq!
 12642 | D:10     | Found Byloezxa's Antique Weapon Shop.
 12658 | D:10     | // strange that lair entrance is so deep in this time
                  | tho...
 12682 | D:10     | Got a pair of pitted boots
 12693 | D:10     | Identified the +0 pair of boots of the Greedy {MR+++ Int-4
                  | Dex+5} (You acquired it on level 10 of the Dungeon)
 12693 | D:10     | // hmm well, -4 int is not v. good lol, but +5 dex is, as
                  | is very excessive mr (for dd lol).
 12693 | D:10     | // will not use the second one just yet tho.
 12813 | D:11     | Noticed a two-headed ogre
 12820 | D:11     | Killed a two-headed ogre
 12939 | D:11     | Noticed a death yak
 12945 | D:11     | Noticed a death yak
 12947 | D:11     | Noticed a death yak
 12951 | D:11     | Killed a death yak
 12951 | D:11     | Reached skill level 5 in Invocations
 12968 | D:11     | Killed a death yak
 12968 | D:11     | Reached *** piety under Makhleb
 12983 | D:11     | Killed a death yak
 13016 | D:11     | Found a staircase to the Lair.
 13061 | D:11     | Upgraded the game from 0.24.1-8-ga250c9d538 to
                  | 0.24.1-11-gbbbb2193e6
 13073 | Lair:1   | Entered Level 1 of the Lair of Beasts
 13073 | Lair:1   | Noticed a six-headed hydra
 13089 | D:11     | Killed a six-headed hydra
 13155 | Lair:1   | Reached skill level 5 in Shields
 13561 | Lair:1   | // v. nice, +3 rPois armor.
 14982 | Lair:2   | Found a staircase to the Snake Pit.
 15181 | Lair:2   | Found a staircase to the Swamp.
 15216 | Lair:2   | Reached **** piety under Makhleb
 15252 | Lair:2   | Reached XP level 13. HP: 108/108 MP: 16/16
 15912 | Lair:2   | Learned a level 2 spell: Slow
 15914 | Lair:2   | Learned a level 1 spell: Apportation
 15915 | Lair:2   | Upgraded the game from 0.24.1-11-gbbbb2193e6 to
                  | 0.24.1-14-gf8d2b509d9
 16279 | Lair:3   | Reached skill level 1 in Armour
 16286 | Lair:3   | Reached skill level 5 in Hexes
 17068 | Lair:4   | Identified the Tome of Confrontation and Curses
 17116 | Lair:4   | Got a heavily runed pewter ring
 17118 | Lair:4   | Identified the ring of Wezeet {Str+4 Dex+3 Slay+3} (You
                  | found it on level 4 of the Lair of Beasts)
 17119 | Lair:4   | // v. nice!! finally an artifact ring, +4 str +3 dex +3
                  | slay! :)
 17536 | Lair:4   | Reached skill level 5 in Fighting
 17546 | Lair:4   | Reached skill level 11 in Slings
 17889 | Orc:1    | Entered Level 1 of the Orcish Mines
 17892 | Orc:1    | Noticed an orc warlord
 17897 | Orc:2    | Entered Level 2 of the Orcish Mines
 18340 | Orc:1    | Reached ***** piety under Makhleb
 18471 | D:9      | Killed an orc warlord
 19410 | Orc:2    | Found Xofemui's General Store.
 19495 | Orc:2    | Found Liseff's Magic Scroll Shoppe.
 19500 | Orc:2    | Found Coucra Qyoj's Assorted Antiques.
 19990 | Orc:2    | Found Uckusosma's Antique Weapon Shoppe.
 19990 | Orc:2    | Found Varoel's Antique Weapon Boutique.
 20141 | Orc:2    | Gained mutation: You resist negative energy. (rN+) [Deep
                  | Dwarf growth]
 20141 | Orc:2    | Reached XP level 14. HP: 117/117 MP: 9/9
 20270 | Orc:2    | Found a roughly hewn altar of Beogh.
 20318 | Orc:2    | Found Wirom's Food Shoppe.
 20318 | Orc:2    | Found Wehuokh's General Store.
 20492 | Orc:2    | Found a staircase to the Elven Halls.
 20740 | Orc:2    | // well, it was pretty pretty close here several times in a
                  | row lol. and lost like 5 mps.
 20873 | Orc:2    | Bought a +0 large shield for 76 gold pieces
 20883 | Orc:2    | // shopping starts up just nicely. large shield for only
                  | 76gp. :P
 21007 | Orc:2    | Bought a +1 hunting sling of flaming for 164 gold pieces
 21008 | Orc:2    | Bought a scarf of cloud immunity for 119 gold pieces
 21013 | Orc:2    | Bought a potion of curing for 51 gold pieces
 21070 | Orc:2    | Bought a faintly glowing morningstar for 216 gold pieces
 21070 | Orc:2    | Identified the +8 morningstar "Worchaed" {vamp, Int+3
                  | Stlth+} (You bought it in a shop on level 2 of the Orcish
                  | Mines)
 21171 | Orc:2    | // got lucky w also getting another vamp morningstar off
                  | shop, and it has +3 int and stlth+, too!
 21231 | Orc:2    | // crap... manual of evocations, but i just spend like half
                  | of my money :D
 21243 | Orc:2    | Bought an ichor-stained chain mail for 237 gold pieces
 21255 | Orc:2    | Identified the +3 chain mail of Proximity {Dex+6} (You
                  | bought it in a shop on level 2 of the Orcish Mines)
 21255 | Orc:2    | // hmm... losing 3 ac w +3 chain mail of proximity, but it
                  | has +6 dex. hmm...
 21255 | Orc:2    | // also losing rPois, but gonna try w this for now.
 21258 | Orc:2    | Bought a scroll of identify for 32 gold pieces
 21269 | Orc:2    | Bought a potion of agility for 68 gold pieces
 21288 | Orc:2    | Bought a scroll of enchant weapon for 120 gold pieces
 21288 | Orc:2    | Bought a scroll of enchant weapon for 120 gold pieces
 21302 | Orc:2    | Bought a scroll of blinking for 120 gold pieces
 21305 | Orc:2    | Bought a potion of cancellation for 200 gold pieces
 22120 | Lair:5   | Found a staircase to the Slime Pits.
 23183 | Lair:6   | Entered Level 6 of the Lair of Beasts
 23722 | Lair:6   | Found a sacrificial altar of Ru.
 23778 | Lair:6   | Reached ****** piety under Makhleb
 23790 | Lair:6   | Reached skill level 5 in Armour
 24345 | Lair:6   | Got a shimmering ivory ring
 24347 | Lair:6   | Identified the ring of Loutoocs {Wiz rF+ Str+5} (You found
                  | it on level 6 of the Lair of Beasts)
 24348 | Lair:6   | // excellent!! second artifact ring, and +1 better str on
                  | it, + rF+ and Wiz.
 24756 | Lair:6   | Found a large runed translucent door.
 24765 | Lair:6   | Found a large runed translucent door.
 24788 | Lair:6   | Reached skill level 12 in Slings
 27431 | D:11     | Reached XP level 15. HP: 126/126 MP: 9/9
 27889 | Orc:2    | Bought a scroll of identify for 50 gold pieces
 28753 | D:12     | HP: 2/126 [white ugly thing (32)]
 28772 | D:12     | Reached skill level 10 in Dodging
 28901 | D:12     | Found Keyx's Gadget Boutique.
 28960 | D:12     | Noticed Nessos
 29198 | D:12     | Killed Nessos
 29873 | D:13     | Learned a level 1 spell: Freeze
 29955 | D:13     | Noticed Rupert
 29978 | D:13     | Killed Rupert
 30188 | D:13     | Found a gate to the Vaults.
 30627 | D:13     | Reached skill level 1 in Ice Magic
 31828 | D:14     | HP: 4/128 [green ugly thing (3)]
 32004 | D:14     | Identified Roxanne's Disquisition on Transmutation
 32004 | D:14     | Noticed Roxanne
 32284 | D:14     | Found Qafoel's Jewellery Emporium.
 33277 | Elf:1    | Entered Level 1 of the Elven Halls
 33282 | Elf:1    | Slain by a +2 dire flail of protection

Levels and vault maps discovered:
D:1:      erik_arrival_gehennom, layout_basic, nrook_mini_backslash,
          hangedman_feature_mirror
D:2:      layout_basic, uniq_jessica
D:3:      layout_basic, lemuel_coloured_pillars_altar,
          nemelex_xobeh_ov_fountains_minmay, uniq_crazy_yiuf_cottage,
          uniq_natasha
D:4:      layout_loops_ring, first_ration, uniq_edmund
D:5:      layout_loops_ring, serial_park_tiny_2, uniq_prince_ribbit1
D:6:      layout_cave_pods, chequers_serial_rivers_small_a,
          minmay_ruined_shrine, uniq_duvessa, uniq_pikel
D:7:      layout_basic, lemuel_temple_firewalk_a, enter_bailey_3
D:8:      layout_loops_ring
D:9:      layout_roguey, orc_0_dummy, serial_shops, shop_fountains
D:10:     layout_gridville, serial_shops, kennysheep_mini, uniq_snorg
D:11:     layout_loops_ring, dpeg_lair_monsters
D:12:     layout_basic, serial_shops, shop, uniq_nessos
D:13:     layout_irregular_city, erik_vaults_2, uniq_rupert
D:14:     layout_rooms, serial_shops, kennysheep_mini_moat, uniq_roxanne
Temple:   kilobyte_greek_temple
Lair:1:   layout_misc_corridors, beast_lair_carwin_8
Lair:2:   layout_regular_city, minmay_swamp_entry_swarm,
          guppyfry_snake_entry_garden, gauntlet_entry_generic,
          infiniplex_staircase_pool
Lair:3:   layout_roguey, minmay_stone_trees_small
Lair:4:   layout_gridlike, lemuel_fruit_fields
Lair:5:   layout_roguey, nicolae_slime_entry_slimehenge,
          chequers_serial_rivers_micro_c, grunt_megastairs_3
Lair:6:   cheibrodos_lair_end_hotspot, layout_regular_city, basic_altar,
          nicolae_lair_yak_garden
Orc:1:    layout_caves, sword_in_stone
Orc:2:    st_orc_town, layout_diamond_mine, guppyfry_orc_lava_fort
Elf:1:    minmay_elf_arrival_summoners, layout_loops_cross, minivault_28

Skill      XL: |  1  2  3  4  5  6  7  8  9 10 11 12 13 14 15 |
---------------+----------------------------------------------+-----
Spellcasting   | 1 2 3 4 5 6 7 |  7.6
Stealth        | 2 3 4 5 6 |  6.1
Slings         | 5 6 7 8 9 10 11 12 | 12.9
Maces & Flails | 1 2 3 4 5 6 |  6.1
Dodging        | 3 5 6 7 8 9 10 | 10.3
Throwing       | 2 3 4 5 6 7 8 9 |  9.2
Fighting       | 2 3 4 5 6 |  6.8
Evocations     | 4 5 6 7 8 |  8.3
Shields        | 2 3 5 6 7 8 |  8.0
Invocations    | 3 4 6 8 9 |  9.1
Hexes          | 4 5 6 7 |  7.5
Translocations | 7 8 9 |  9.5
Armour         | 4 6 7 |  7.1
Ice Magic      | 2 |  2.1

Action                   |  1- 3 |  4- 6 |  7- 9 | 10-12 | 13-15 || total
-------------------------+-------+-------+-------+-------+-------++-------
Melee: Short sword       |    51 |       |       |       |       ||    51
       Dagger            |     6 |    52 |       |       |       ||    58
       Morningstar       |       |    34 |   148 |   519 |  1232 ||  1933
       Whip              |       |       |       |     3 |       ||     3
 Fire: Hunting sling     |    83 |    87 |    76 |   211 |   672 ||  1129
Throw: Boomerang         |       |       |    21 |    10 |    62 ||    93
       Javelin           |       |       |     8 |     4 |       ||    12
       Throwing net      |       |       |     1 |       |       ||     1
       Stone             |       |       |    17 |     5 |     4 ||    26
       Dart              |       |       |       |    14 |    15 ||    29
 Cast: Portal Projectile |       |       |       |     4 |    11 ||    15
       Corona            |       |       |       |     5 |       ||     5
Invok: Greater Servant o |       |       |       |       |     5 ||     5
       Lesser Servant of |       |       |       |       |     2 ||     2
       Minor Destruction |       |       |       |       |     1 ||     1
       Major Destruction |       |       |       |       |     4 ||     4
 Abil: Heal Wounds       |       |     1 |    10 |     1 |    50 ||    62
Evoke: Wand              |       |       |     2 |     5 |    18 ||    25
  Use: Scroll            |     1 |     5 |       |    15 |    22 ||    43
       Potion            |       |       |     3 |     3 |    18 ||    24
 Stab: Invisible         |       |       |       |       |     1 ||     1
  Eat: Chunk             |     1 |     6 |     3 |    11 |    22 ||    43
       Ration            |       |     1 |     2 |     5 |    11 ||    19
Armor: Scale mail        |    40 |    55 |    82 |    21 |       ||   198
       Plate armour      |       |       |       |   329 |   389 ||   718
       Chain mail        |       |       |       |       |   311 ||   311
       Robe              |       |       |       |       |     3 ||     3
Dodge: Dodged            |    50 |    68 |   211 |   341 |  1378 ||  2048
Block: Buckler           |       |       |       |   273 |   540 ||   813
       Large shield      |       |       |       |       |  1358 ||  1358
